AoeStats
← ephesus

Arena

508928317Analyzed
4v4 RM · 6d ago on Sep 24, 2026· 19m 1s· 8 players
Game mode
Random Map
Map size
Large (8 player)
Population
200
Speed
Normal
Resources
Standard
Victory
Conquest
Starting age
Dark Age
Ending age
Imperial Age
RankedLock teamsTeams togetherTeam positionsShared explorationLock speedFull tech treeHidden civsTurbo modeCheats
Victory
Defeat
🇹🇷 Danes · Türkiye
1074
+8
🇹🇷 Japanese · Türkiye
949
+12
🇹🇷 Varangians · Türkiye
940
+12
🇹🇷 Romans · Türkiye
865
+14
🇰🇿 Persians · Kazakhstan
897
-13
🇪🇸 Franks · Spain
854
-11
🇦🇷 Vietnamese · Argentina
844
-32
🇦🇷 Khmer · Argentina
844
-32
Кизяка
8:50 Feudal Age
9:11 Double-Bit Axe
9:08 Horse Collar
16:56 Castle Age
16:39 Arson
17:13 Scale Mail Armor
17:29 Forging
17:29 Pikeman
18:43 Squires
TANGA
3:25 Loom
10:30 Feudal Age
inerZia
11:18 Feudal Age
15:22 Castle Age
15:18 Wheelbarrow
14:46 Double-Bit Axe
16:14 Loom
17:12 Bow Saw
_-BASTARDO-_
9:09 Feudal Age
14:02 Castle Age
OzKhan
11:00 Feudal Age
10:25 Loom
13:13 Double-Bit Axe
17:04 Castle Age
17:23 Horse Collar
AlperHan
8:25 Loom
13:50 Feudal Age
14:23 Horse Collar
15:23 Wheelbarrow
14:35 Double-Bit Axe
14:26 Man-at-Arms
19:37 Scale Mail Armor
ephesus
11:13 Loom
12:59 Feudal Age
19:25 Castle Age
18:05 Double-Bit Axe
18:02 Horse Collar
osmanars
9:28 Loom
11:19 Feudal Age
17:22 Castle Age
Connection lost

Rejoining the realm…

Still unreachable

The connection could not be restored.

Session expired

The server has moved on; the page needs a fresh start.